 Dungeon Crawl Stone Soup version 0.30.1-9-gdf580d7c3d (webtiles) character file.

Game seed: 12359035266219700521

223 booth the Chopper (level 5, -1/35 (42) HPs)
             Began as a Demonspawn Monk on Oct 17, 2023.
             Slain by Terence
             ... wielding the +7 Throatcutter {drain, coup de grace}
              (3 damage)
             ... on level 3 of the Dungeon.
             The game lasted 00:14:56 (2275 turns).

booth the Chopper (Demonspawn Monk)                 Turns: 2275, Time: 00:14:57

HP:   -1/35 (42)    AC:  4    Str: 16    XL:     5   Next: 66%
MP:   5/5           EV: 14    Int: 11    God:
Gold: 69            SH:  4    Dex: 20    Spells: 4/4 levels left

rFire   + . .        a - +0 hand axe
rCold   . . .        d - orb {light}
rNeg    . . .        j - +2 robe
rPois   .            (no helmet)
rElec   .            m - scarf of the Lost Path {shadows, rF+ Str+3 Dex+4}
rCorr   .            (no gloves)
SInv    .            (no boots)
Will    .....        (no amulet)
Stlth   +            (no ring)
HPRegen 0.25/turn    (no ring)
MPRegen 0.09/turn

%: no passive effects
@: glowing, heavily drained
A: condensation shield, weakness stinger 1, demonic touch 1
a: no special abilities


You were on level 3 of the Dungeon.
You visited 1 branch of the dungeon, and saw 3 of its levels.

You collected 69 gold pieces.

Inventory:

Hand Weapons
 a - a +0 hand axe (weapon)
 i - a +0 mace
Missiles
 h - 5 javelins (quivered)
 o - 5 poisoned darts
Armour
 d - an orb of light (worn)
 j - a +2 robe (worn)
 m - the scarf of the Lost Path (worn) {shadows, rF+ Str+3 Dex+4}
   (You acquired it on level 1 of the Dungeon)

   Str:       It affects your strength (+3).
   Dex:       It affects your dexterity (+4).
   rF:        It protects you from fire.
 p - a +0 ring mail
Scrolls
 e - a scroll of immolation {unknown}
 t - a scroll of teleportation {unknown}
Potions
 b - 2 potions of curing
 c - a potion of ambrosia
 f - a potion of attraction
 g - a potion of haste
 l - a potion of cancellation {unknown}
 n - a potion of heal wounds
 q - 2 potions of might
 s - 2 potions of flight


   Skills:
 + Level 4.0 Fighting
 * Level 4.1 Axes
 + Level 1.7 Throwing
 + Level 3.6 Dodging


You had 4 spell levels left.
You didn't know any spells.
Your spell library contained the following spells:

 Spells                   Type           Power      Damage    Failure   Level
 Apportation              Tloc           0%         N/A       34%         1
 Necrotise                Necr           0%         1d4       34%         1
 Summon Small Mammal      Summ           0%         N/A       34%         1


Dungeon Overview and Level Annotations

Branches:
Dungeon (3/15)

Altars:
Cheibriados
Fedhas

Annotations:
D:3 Terence


Innate Abilities, Weirdness & Mutations

A meltable shield of frost defends you. (SH +4)
You have a small tail.
Your touch may inflict minor irresistible damage on your foes.


Message History

The frilled lizard closely misses you.
Throw: 6 javelins
Press: ? - help, Q - select action, (/) - cycle Shift-Dir - straight line, f - frilled lizard
Aim: a frilled lizard (severely wounded, haloed, 64% to hit)
You throw a javelin.
The javelin pierces through the frilled lizard!
You kill the frilled lizard!
The javelin pierces through Terence.
Terence is moderately wounded.
Throw: 6 darts (poison)
Press: ? - help, Q - select action, (/) - cycle Shift-Dir - straight line, f - Terence
Aim: Terence, wielding the +7 Throatcutter {drain, coup de grace} and wearing a +0 chain mail (moderately wounded, haloed, 87% to hit)
You throw a poisoned dart. The poisoned dart hits Terence.
Terence is poisoned.
Terence is moderately wounded.
You hit Terence but do no damage.
You tail-slap Terence, but do no damage.
Terence is moderately wounded.
Terence closely misses you.
You hit Terence but do no damage.
Terence is moderately wounded.
Terence barely misses you.
You hit Terence but do no damage.
Terence is heavily wounded.
Terence hits you with the +7 Throatcutter {drain, coup de grace}.
You feel drained.
Terence hits you with the +7 Throatcutter {drain, coup de grace}!
You feel drained.
You hit Terence.
Terence is heavily wounded.
You block Terence's attack.
You hit Terence but do no damage. You tail-slap Terence.
Terence is severely wounded.
Terence hits you with the +7 Throatcutter {drain, coup de grace}!
You feel drained.
You hit Terence.
Terence is almost dead.
Terence hits you with the +7 Throatcutter {drain, coup de grace}!
* * * LOW HITPOINT WARNING * * *
You feel drained.
You die...

# #..._..# #.......
# #..P.P.# #[......
#
#......#####..##...
#
#..................
#
############._#....
# #.......# #
#.####..#.. #
#.####.....
#.@@...(# #########


You could see Terence (poisoned).

Vanquished Creatures
  Sigmund (D:3)
  A gnoll (D:1)
  An adder (D:2)
  An ufetubus (D:3)
  A worm (D:2)
  2 dart slugs
  3 endoplasms
  5 goblins
  2 hobgoblins
  A jackal (D:2)
  A quokka (D:1)
  5 ball pythons (D:1)
  8 bats
  3 frilled lizards
  8 kobolds
  4 rats
47 creatures vanquished.

Notes
Turn   | Place    | Note
-------+----------+-------------------------------------------
     0 | D:1      | booth the Demonspawn Monk began the quest for the Orb.
     0 | D:1      | Reached XP level 1. HP: 18/18 MP: 1/1
   362 | D:1      | Discovered your monstrous ancestry.
   362 | D:1      | Gained mutation: Your touch may inflict minor irresistible
                  | damage on your foes. [demonic ancestry]
   362 | D:1      | Reached XP level 2. HP: 17/24 MP: 2/2
   726 | D:1      | Reached XP level 3. HP: 28/29 MP: 3/3
   853 | D:1      | Identified a scroll of acquirement
   853 | D:1      | Acquired the scarf of the Lost Path {shadows, rF+ Str+3
                  | Dex+4}
  1670 | D:2      | You fall into a shaft and drop 1 floor!
  1798 | D:3      | Gained mutation: You have a small tail. [demonic ancestry]
  1798 | D:3      | Reached XP level 4. HP: 35/35 MP: 4/4
  2155 | D:3      | Noticed Sigmund
  2168 | D:3      | Killed Sigmund
  2169 | D:3      | Reached skill level 1 in Throwing
  2169 | D:3      | Gained mutation: A meltable shield of frost defends you.
                  | (SH +4) [demonic ancestry]
  2169 | D:3      | Reached XP level 5. HP: 31/42 MP: 5/5
  2223 | D:3      | Found a blossoming altar of Fedhas.
  2249 | D:3      | Found a snail-covered altar of Cheibriados.
  2263 | D:3      | Noticed Terence
  2275 | D:3      | Slain by Terence

Illustrated notes

Levels and vault maps discovered:
D:1:      denvon_arrival_waterhouse, layout_basic
D:2:      layout_basic, serial_bayou_lagoon_a
D:3:      layout_loops_corners, fedhas_altar_1, overflow_temple_1_default,
          kennysheep_generic_room_4, uniq_terence, uniq_sigmund

Skill      XL: |  1  2  3  4 |
---------------+-------------+-----
Axes           | 3 4 |  4.1
Dodging        | 3 |  3.6
Fighting       | 4 |  4.0
Throwing       | 1 |  1.7

Action                     |  1- 3 |  4- 6 || total
---------------------------+-------+-------++-------
  Melee: Hand axe          |    90 |    19 ||   109
         Tailslap          |       |     3 ||     3
  Throw: Dart              |       |     5 ||     5
         Javelin           |       |     3 ||     3
    Use: Scroll            |     3 |     2 ||     5
         Potion            |       |     3 ||     3
 Armour: Robe              |     2 |     1 ||     3
         Leather armour    |    19 |     1 ||    20
  Dodge: Dodged            |    71 |    11 ||    82
  Block: Orb               |       |     1 ||     1
